[Event "ICC Open 2015"]
[Site "Internet Chess Club"]
[Date "2015.05.29"]
[Round "6"]
[White "Anneay"]
[Black "RaiseTheCurve"]
[Result "1-0"]
[ICCResult "Black checkmated"]
[WhiteElo "2492"]
[BlackElo "1956"]
[Opening "Alekhine's defense: exchange variation"]
[ECO "B03"]
[NIC "AL.08"]
[Time "20:23:31"]
[TimeControl "180+0"]

1. e4 Nf6 2. e5 Nd5 3. d4 d6 4. c4 Nb6 5. exd6 exd6 6. Nc3 Be7 7. Bd3 Nc6 8.
Nge2 Bg4 9. f3 Bh5 10. O-O Bg6 11. b3 Bxd3 12. Qxd3 Qd7 13. a4 O-O 14. a5
Nc8 15. Nd5 Re8 16. a6 b6 17. Ng3 Bf8 18. Be3 N8e7 19. Nc3 g6 20. Bf2 Bg7
21. Rfe1 d5 22. Nb5 dxc4 23. bxc4 Rad8 24. Red1 Ne5 25. Qb3 N5c6 26. Rab1
Na5 27. Qc2 c6 28. Na3 Qc7 29. Rd3 Nc8 30. Rbd1 Nd6 31. c5 Nb5 32. Nxb5 cxb5
33. Ne4 Nc4 34. Qb3 f5 35. Nd6 Rxd6 36. cxd6 Qc6 37. d5 Qxd6 38. Qxb5 Ne5
39. R3d2 Rd8 40. Bg3 g5 41. Rc2 f4 42. Bf2 g4 43. fxg4 Nxg4 44. Qe2 Ne5 45.
Kh1 Rf8 46. Qe4 f3 47. gxf3 Rxf3 48. Bg3 Qf6 49. Rc8+ Kf7 50. Rc7+ Kg8 51.
Rg1 Ng4 52. Qxg4 Rf1 53. Rc8+ Kf7 54. Qe6+ Kg6 55. Rxf1 Qxe6 56. dxe6 Bf6
57. e7 Bxe7 58. Rc6+ Bf6 59. Rfxf6+ Kg7 60. Rfe6 h5 61. Rc7+ Kf8 62. Rd6 Ke8
63. Bh4 b5 64. Rd8# {Black checkmated} 1-0

[Event "ICC Open 2015"]
[Site "Internet Chess Club"]
[Date "2015.05.29"]
[Round "6"]
[White "golpeador"]
[Black "dondoctor"]
[Result "0-1"]
[ICCResult "White checkmated"]
[WhiteElo "2402"]
[BlackElo "2041"]
[Opening "Queen's pawn"]
[ECO "A40"]
[NIC "QO.17"]
[Time "20:23:48"]
[TimeControl "180+0"]

1. d4 e6 2. Nf3 f5 3. Bg5 Be7 4. h4 Nf6 5. Nbd2 b6 6. Bxf6 Bxf6 7. e4 fxe4
8. Nxe4 Bb7 9. Bd3 Nc6 10. c3 Qe7 11. Qe2 g6 12. O-O-O O-O-O 13. Ba6 Kb8 14.
Bxb7 Kxb7 15. h5 g5 16. h6 Rhg8 17. Qb5 Ka8 18. Rhe1 g4 19. Nfd2 Bg5 20. Kb1
Bxh6 21. d5 exd5 22. Qxd5 Bxd2 23. Nxd2 Qg7 24. a4 Qg6+ 25. Ka1 g3 26. f3
Qg5 27. Nc4 Qxd5 28. Rxd5 d6 29. a5 Kb7 30. axb6 axb6 31. Rh5 Rde8 32. Rxe8
Rxe8 33. Rg5 Ne5 34. Nxe5 Rxe5 35. Rxg3 Re2 36. Rg7 h5 37. Ka2 b5 38. Kb3
Kb6 39. Rg5 c5 40. f4 Rf2 41. g3 c4+ 42. Ka2 b4 43. cxb4 c3 44. Rxh5 Rxb2+
45. Ka1 Rxb4 46. Rh2 Kc5 47. Rf2 Kd4 48. f5 Kd3 49. f6 c2 50. Rf1 Kc3 51. f7
Ra4# {White checkmated} 0-1

[Event "ICC Open 2015"]
[Site "Internet Chess Club"]
[Date "2015.05.29"]
[Round "6"]
[White "brawny"]
[Black "BillietheKid"]
[Result "1-0"]
[ICCResult "Black resigns"]
[WhiteElo "1840"]
[BlackElo "1447"]
[Opening "Queen's pawn game"]
[ECO "A45"]
[NIC "QP.07"]
[Time "20:23:58"]
[TimeControl "180+0"]

1. d4 Nf6 2. b3 d5 3. Bb2 e6 4. Nd2 c6 5. e3 Bd6 6. f4 O-O 7. Ngf3 Nbd7 8.
Bd3 Re8 9. O-O Ng4 10. Qe2 Ndf6 11. h3 Nh6 12. g4 Ne4 13. Nxe4 dxe4 14. Bxe4
f5 15. gxf5 exf5 16. Bd3 Bxf4 17. Ne5 Bg5 18. Bc4+ Be6 19. Bxe6+ Rxe6 20.
Rae1 Nf7 21. Nxf7 Kxf7 22. Rxf5+ Bf6 23. e4 Kg8 24. Qc4 Qd7 25. Ref1 Kh8 26.
e5 Be7 27. Rf7 Qd5 28. Qd3 Rd8 29. c4 Rg6+ 30. Qxg6 hxg6 31. cxd5 Rxd5 32.
Rxe7 Kh7 33. Rff7 Kh6 34. Kg2 Kg5 35. Kg3 c5 36. h4+ {Black resigns} 1-0

[Event "ICC Open 2015"]
[Site "Internet Chess Club"]
[Date "2015.05.29"]
[Round "6"]
[White "Vassili"]
[Black "NAS"]
[Result "1/2-1/2"]
[ICCResult "White ran out of time and Black has no material to mate"]
[WhiteElo "2325"]
[BlackElo "1783"]
[Opening "Sicilian: Canal-Sokolsky attack, 3...Bd7"]
[ECO "B52"]
[NIC "SI.01"]
[Time "20:23:39"]
[TimeControl "180+0"]

1. e4 c5 2. Nf3 d6 3. Bb5+ Bd7 4. Bxd7+ Qxd7 5. O-O Nf6 6. Re1 Nc6 7. c3 g6
8. d4 cxd4 9. cxd4 Bg7 10. Nc3 O-O 11. Bg5 Rfd8 12. Qe2 Rac8 13. Rad1 Qc7
14. h3 a6 15. e5 dxe5 16. dxe5 Ne8 17. Nd5 Rxd5 18. Rxd5 e6 19. Rd2 Qa5 20.
a3 Nc7 21. Bf6 Nd5 22. Bxg7 Kxg7 23. Red1 Qb6 24. Qe4 Nce7 25. Qd4 Qb3 26.
Qh4 h6 27. Nd4 Qb6 28. Qe4 Rf8 29. Kh2 Rc8 30. f4 Qc7 31. Rc2 Qd7 32. Rxc8
Qxc8 33. Qc2 Qd7 34. Rf1 Ne3 35. Qd3 Nxf1+ 36. Qxf1 Qxd4 37. Qf3 Nf5 38. g4
Qd2+ 39. Kh1 Ne3 40. Qxb7 Qe1+ 41. Kh2 Qf2+ 42. Kh1 Nf1 43. Qg2 Ng3+ 44. Kh2
Qxg2+ 45. Kxg2 Ne4 46. Kf3 Nc5 47. b4 Na4 48. Ke4 Kf8 49. Kd4 Ke8 50. Kc4
Kd7 51. b5 axb5+ 52. Kxb5 Nc3+ 53. Kb6 Nd5+ 54. Kc5 Kc7 55. f5 Kb7 56. fxg6
fxg6 57. h4 g5 58. Kd6 gxh4 59. Kxe6 h3 60. Kxd5 h2 61. e6 h1=Q+ 62. Kd6 Qf3
63. e7 Qxg4 64. e8=Q Qg6+ 65. Qxg6 Kb6 66. Qxh6 Ka5 67. Qc1 Ka4 68. Qb2 Ka5
69. Qb4+ Ka6 {White ran out of time and Black has no material to mate}
1/2-1/2

[Event "ICC Open 2015"]
[Site "Internet Chess Club"]
[Date "2015.05.29"]
[Round "6"]
[White "yani2014"]
[Black "Irenaeus"]
[Result "0-1"]
[ICCResult "White checkmated"]
[WhiteElo "2423"]
[BlackElo "1850"]
[Opening "Réti opening"]
[ECO "A04"]
[NIC "EO.51"]
[Time "20:23:45"]
[TimeControl "180+0"]

1. Nf3 g6 2. g3 Bg7 3. c4 Nf6 4. Bg2 d5 5. cxd5 Nxd5 6. Nc3 Nxc3 7. bxc3 O-O
8. O-O Re8 9. Rb1 e5 10. d4 exd4 11. cxd4 c6 12. Bg5 Qa5 13. Rb2 Nd7 14. e4
Nb6 15. h3 Be6 16. Bd2 Qa6 17. Bc3 Rad8 18. Rd2 Nc4 19. Re2 Qa3 20. Qa1 c5
21. Rd1 cxd4 22. Bxd4 Bxd4 23. Nxd4 Bc8 24. Nb5 Qa4 25. Rxd8 Rxd8 26. Nd4
Be6 27. Kh2 b6 28. Nxe6 fxe6 29. Qf6 Qd7 30. Rc2 b5 31. a4 a6 32. axb5 axb5
33. h4 e5 34. h5 Qd6 35. Qg5 Kg7 36. h6+ Kf8 37. Bh3 Qe7 38. Qg4 Qd6 39.
Qf3+ Kg8 40. Qb3 Qd3 41. Ra2 Qxb3 42. Ra7 Qc2 43. Be6+ Kf8 44. Rf7+ Ke8 45.
Rf3 Qe2 46. Rf7 Ne3 47. Kh3 Nf1 48. Kg2 Qe1 49. Rxh7 Ne3+ 50. Kh3 Qh1#
{White checkmated}
0-1

[Event "ICC Open 2015"]
[Site "Internet Chess Club"]
[Date "2015.05.29"]
[Round "6"]
[White "achessman"]
[Black "gmgattass"]
[Result "0-1"]
[ICCResult "White forfeits on time"]
[WhiteElo "1945"]
[BlackElo "2268"]
[Opening "French: Chigorin variation"]
[ECO "C00"]
[NIC "FR.01"]
[Time "20:23:52"]
[TimeControl "180+0"]

1. e4 e6 2. Qe2 c5 3. g3 Nc6 4. Nf3 d6 5. Bg2 Qc7 6. c3 e5 7. O-O g6 8. Na3
Bg7 9. d4 Nge7 10. dxc5 dxc5 11. Nb5 Qb8 12. Be3 a6 13. Na3 b6 14. Rfd1 O-O
15. Nc4 Be6 16. Ng5 Bc8 17. Nd6 h6 18. Nf3 Be6 19. b3 Rd8 20. Nc4 Kh7 21.
Rxd8 Qxd8 22. Rd1 Qc7 23. Rd6 Nc8 24. Rd2 Qe7 25. Ne1 b5 26. Nb2 Nb6 27. Qd1
Rd8 28. Rxd8 Nxd8 29. Ned3 Nd7 30. f3 Nc6 31. Qe2 Bf8 32. Bf1 Qd6 33. Nf2 c4
34. bxc4 bxc4 35. Nxc4 Qb8 36. Qb2 Qxb2 37. Nxb2 Bxa2 38. Bxa6 Ba3 39. Bb5
Bxb2 40. Bxc6 Nb8 41. Be8 Bxc3 42. Ba7 Na6 43. Bb5 Nc7 44. Bd3 Ne6 45. Nd1
Bd4+ 46. Bxd4 Nxd4 47. Kf2 Kg7 48. Ne3 Be6 49. Bc4 Bd7 50. Nd5 f6 51. Ke3
Be6 52. f4 Bxd5 53. Bxd5 Nc2+ 54. Kd2 Nd4 55. Ke3 Nc2+ 56. Kd2 Nb4 57. Ke3
Na6 58. Kd3 Nc7 59. Kc4 exf4 60. gxf4 Kf8 61. e5 fxe5 62. fxe5 Ke7 63. Be4
g5 64. Kd4 Ne6+ 65. Ke3 Nf4 66. Bf5 Ng2+ 67. Ke4 Nh4 68. Bg4 Ng6 69. Bh5 Nf4
70. Bg6 Nxg6 71. Kf5 Kf7 {White forfeits on time} 0-1

[Event "ICC Open 2015"]
[Site "Internet Chess Club"]
[Date "2015.05.29"]
[Round "6"]
[White "MaestroASK"]
[Black "chigamaster"]
[Result "0-1"]
[ICCResult "White forfeits on time"]
[WhiteElo "2611"]
[BlackElo "2896"]
[Opening "Benko's opening"]
[ECO "A00"]
[NIC "VO.09"]
[Time "20:24:07"]
[TimeControl "180+0"]

1. g3 Nf6 2. Bg2 e6 3. d3 Be7 4. e4 d5 5. c3 dxe4 6. dxe4 Qxd1+ 7. Kxd1 O-O
8. f3 Nc6 9. Nd2 e5 10. Bh3 Rd8 11. Bxc8 Raxc8 12. Ke2 Bc5 13. Nh3 h6 14. b4
Bb6 15. a4 a6 16. Nc4 Nd7 17. Rd1 f6 18. b5 axb5 19. axb5 Ne7 20. Ba3 Nc5
21. Bb4 Rxd1 22. Rxd1 Kf7 23. Ra1 Ke6 24. Nf2 Nb3 25. Rb1 Nc5 26. Bxc5 Bxc5
27. Nd3 Bd6 28. Ra1 b6 29. Ra7 g6 30. Ke3 f5 31. Kd2 h5 32. Ke2 Rf8 33. Ne3
h4 34. g4 fxe4 35. fxe4 g5 36. Nf5 Ng6 37. c4 Nf4+ 38. Nxf4+ exf4 39. h3 Rd8
40. Ra2 Be5 41. Ra3 Re8 42. Ra7 Rc8 43. Ra3 Rd8 44. Ra6 f3+ 45. Kxf3 Rd3+
46. Ke2 Rxh3 47. Ra8 Rh2+ 48. Kf3 Rh3+ 49. Kg2 Rc3 50. Re8+ Kf6 51. Rf8+ Kg6
52. Re8 Bf4 53. e5 Rc2+ 54. Kf3 Rc3+ 55. Ke4 Rxc4+ 56. Kd5 Rc5+ 57. Kd4
Bxe5+ 58. Rxe5 Rxe5 59. Kxe5 Kf7 60. Nd4 Kg6 61. Nf3 h3 62. Nh2 Kh6 63. Kf5
Kg7 64. Kxg5 Kf7 65. Kf5 Ke7 66. Ke5 c5 67. bxc6 Kd8 68. Kd5 Kc7 69. Nf3 b5
70. g5 b4 71. Kc4 h2 72. Kxb4 h1=Q 73. g6 Qxf3 {White forfeits on time} 0-1

[Event "ICC Open 2015"]
[Site "Internet Chess Club"]
[Date "2015.05.29"]
[Round "6"]
[White "eddington"]
[Black "druskacik"]
[Result "1-0"]
[ICCResult "Black forfeits on time"]
[WhiteElo "2136"]
[BlackElo "2445"]
[Opening "Sicilian: accelerated fianchetto, Maróczy bind, 6.Be3"]
[ECO "B38"]
[NIC "SI.33"]
[Time "20:23:52"]
[TimeControl "180+0"]

1. e4 c5 2. Nf3 Nc6 3. d4 cxd4 4. Nxd4 g6 5. c4 Bg7 6. Be3 Nf6 7. Nc3 d6 8.
Be2 O-O 9. O-O Bd7 10. Qd2 Nxd4 11. Bxd4 Bc6 12. f3 a5 13. b3 Nd7 14. Bf2
Nc5 15. Rac1 Qb6 16. Rc2 Rfc8 17. Rb1 Qd8 18. a3 h5 19. b4 axb4 20. axb4 Ne6
21. b5 Bd7 22. Nd5 Nc5 23. Bh4 Bf8 24. Qg5 Ne6 25. Nxe7+ Bxe7 26. Qxe7 Qxe7
27. Bxe7 Nd4 28. Rd2 Nxe2+ 29. Rxe2 Rxc4 30. Bxd6 Ra5 31. b6 Rca4 32. h4 Ra1
33. Rxa1 Rxa1+ 34. Kh2 Rb1 35. Bc5 Rb5 36. Rc2 Bc6 37. Bd4 Kf8 38. Rd2 Ke7
39. Be3 f6 40. Kg3 Bd7 41. Rc2 Bc6 42. Ra2 Rb3 43. Bf2 Kd7 44. Ra8 Bxe4 45.
Rf8 f5 46. Rf7+ Ke6 47. Rg7 Kd5 48. Kh2 Bb1 49. Rxg6 Rb2 50. Bg3 Bd3 51. Rg5
Bf1 52. Bc7 Ke6 53. Rg6+ Kf7 54. Rg5 Kf6 55. Bd8+ Ke6 56. Bc7 Be2 57. Kh3
Bf1 58. Bf4 Be2 59. Bc1 Rc2 60. Be3 Bf1 61. Bg1 Be2 62. Kh2 Rc1 63. Rxh5 Rc2
64. Rh6+ Kd5 65. Kh3 Bf1 66. Rg6 Rc3 67. Rg5 Ke6 68. Bh2 Kf7 69. Bd6 Bxg2+
70. Kxg2 Rc2+ 71. Kg3 Rd2 72. Bc7 Rd3 73. Rxf5+ Ke6 74. Rf4 Rc3 75. Re4+ Kd5
76. Rg4 Rc2 77. h5 Ke6 78. Rf4 Rc1 79. Re4+ Kf5 80. h6 Kg5 81. Re6 Rg1+ 82.
Kf2 Rf1+ 83. Kxf1 Kf5 84. Bd8 {Black forfeits on time} 1-0

[Event "ICC Open 2015"]
[Site "Internet Chess Club"]
[Date "2015.05.29"]
[Round "6"]
[White "HematiteBrown"]
[Black "Sebs"]
[Result "0-1"]
[ICCResult "White forfeits on time"]
[WhiteElo "2179"]
[BlackElo "2967"]
[Opening "Giuoco Pianissimo"]
[ECO "C50"]
[NIC "IG.02"]
[Time "20:23:24"]
[TimeControl "180+0"]

1. e4 e5 2. Nf3 Nc6 3. Bc4 Bc5 4. d3 Nf6 5. c3 O-O 6. Bg5 h6 7. Bh4 a6 8.
Nbd2 d6 9. Bb3 g5 10. Nxg5 hxg5 11. Bxg5 Bg4 12. Nf3 Kg7 13. h3 Be6 14. Nh4
Bxf2+ 15. Kxf2 Nxe4+ 16. dxe4 Qxg5 17. Nf3 Qg6 18. Rf1 Qxe4 19. Kg1 Qe3+ 20.
Kh1 Qh6 21. Bxe6 fxe6 22. Qb3 Rab8 23. Nh2 Rf4 24. Rxf4 exf4 25. Ng4 Qg6 26.
Re1 e5 27. Qd5 Re8 28. Qb3 Nd8 29. Nf2 Qg3 30. Qc2 Ne6 31. Qe2 Ng5 32. Ne4
Nxe4 33. Qxe4 d5 34. Qe2 e4 35. Rf1 f3 36. Qf2 Qxf2 37. Rxf2 e3
{White forfeits on time}
0-1

[Event "ICC Open 2015"]
[Site "Internet Chess Club"]
[Date "2015.05.29"]
[Round "6"]
[White "munch"]
[Black "KingsServant"]
[Result "1-0"]
[ICCResult "Black resigns"]
[WhiteElo "1419"]
[BlackElo "1475"]
[Opening "Sicilian: Alapin's variation (2.c3)"]
[ECO "B22"]
[NIC "SI.46"]
[Time "20:28:41"]
[TimeControl "180+0"]

1. e4 c5 2. c3 d5 3. exd5 Qxd5 4. d4 Nc6 5. Nf3 Bg4 6. Be2 e6 7. O-O Bd6 8.
h3 Bf5 9. dxc5 Qxc5 10. b4 Qd5 11. Qa4 Ne7 12. Rd1 Qe4 13. Bd3 Qd5 14. c4
{Black resigns}
1-0

[Event "ICC Open 2015"]
[Site "Internet Chess Club"]
[Date "2015.05.29"]
[Round "6"]
[White "Checharov"]
[Black "Skyrmion"]
[Result "1-0"]
[ICCResult "Black resigns"]
[WhiteElo "2139"]
[BlackElo "1719"]
[Opening "Alekhine's defense"]
[ECO "B03"]
[NIC "AL.09"]
[Time "20:28:57"]
[TimeControl "180+0"]

1. e4 Nf6 2. e5 Nd5 3. d4 Nb6 4. a4 a5 5. Nf3 d5 6. h3 Bf5 7. Nh4 Be6 8. f4
g6 9. Bd3 Nc6 10. c3 f5 11. exf6 exf6 12. f5 Qd6 13. O-O gxf5 14. Bf4 Qd7
15. Qh5+ Kd8 16. Nd2 Bf7 17. Qxf5 Qxf5 18. Nxf5 Ne7 19. b3 Bg6 20. Bh2 c6
21. Rae1 Nd7 22. Bb1 Nxf5 23. Bxf5 Bd6 24. Bxd6 {Black resigns} 1-0

[Event "ICC Open 2015"]
[Site "Internet Chess Club"]
[Date "2015.05.29"]
[Round "7"]
[White "ErnestoRondon"]
[Black "truufseir"]
[Result "1-0"]
[ICCResult "Black resigns"]
[WhiteElo "1864"]
[BlackElo "1558"]
[Opening "Scotch: Göring gambit"]
[ECO "C44"]
[NIC "SO.06"]
[Time "20:37:19"]
[TimeControl "180+0"]

1. e4 e5 2. Nf3 Nc6 3. d4 exd4 4. c3 Bc5 5. cxd4 Bb4+ 6. Nc3 Nf6 7. e5 Nd5
8. Bd2 Nxc3 9. bxc3 Ba5 10. Bd3 h6 11. O-O Kf8 12. Rc1 d6 13. Re1 dxe5 14.
Nxe5 Nxe5 15. Rxe5 Be6 16. Rxa5 Qf6 17. Re5 Qg6 18. Bxg6 {Black resigns} 1-0

[Event "ICC Open 2015"]
[Site "Internet Chess Club"]
[Date "2015.05.29"]
[Round "7"]
[White "LMLLM"]
[Black "Much-Acclaimed"]
[Result "1-0"]
[ICCResult "Black resigns"]
[WhiteElo "2435"]
[BlackElo "1947"]
[Opening "Nimzovich-Larsen attack: Indian variation"]
[ECO "A01"]
[NIC "VO.08"]
[Time "20:37:02"]
[TimeControl "180+0"]

1. b3 Nf6 2. Bb2 e6 3. g3 d5 4. Bg2 b6 5. Nf3 Bb7 6. O-O Bd6 7. c4 Nbd7 8.
d3 O-O 9. Nbd2 e5 10. Rc1 e4 11. Nd4 e3 12. fxe3 Ng4 13. Nf5 Be5 14. d4 Bf6
15. cxd5 g6 16. h3 gxf5 17. hxg4 fxg4 18. e4 Bg5 19. Nc4 Bxc1 20. Bxc1 Ba6
21. Bh6 Re8 22. e3 Bxc4 23. Qxg4+ {Black resigns} 1-0

[Event "ICC Open 2015"]
[Site "Internet Chess Club"]
[Date "2015.05.29"]
[Round "7"]
[White "olimpus"]
[Black "isodung"]
[Result "0-1"]
[ICCResult "White resigns"]
[WhiteElo "2745"]
[BlackElo "2726"]
[Opening "Neo-Grünfeld, 6.O-O c6"]
[ECO "D78"]
[NIC "VO.09"]
[Time "20:37:12"]
[TimeControl "180+0"]

1. g3 d5 2. Bg2 c6 3. Nf3 g6 4. O-O Bg7 5. c4 Nf6 6. d4 O-O 7. Qb3 dxc4 8.
Qxc4 Nbd7 9. Nc3 Nb6 10. Qd3 Be6 11. b3 Nbd5 12. Ne5 Nxc3 13. Qxc3 Nd5 14.
Qb2 c5 15. dxc5 Qc7 16. Bf4 g5 17. Qd4 gxf4 18. Bxd5 Bxe5 {White resigns}
0-1

[Event "ICC Open 2015"]
[Site "Internet Chess Club"]
[Date "2015.05.29"]
[Round "7"]
[White "olimpioMD"]
[Black "receipt"]
[Result "1-0"]
[ICCResult "Black checkmated"]
[WhiteElo "1410"]
[BlackElo "1082"]
[Opening "QGD Slav defense"]
[ECO "D10"]
[NIC "SL.01"]
[Time "20:37:45"]
[TimeControl "180+0"]

1. d4 d5 2. c4 c6 3. Nc3 Nf6 4. Bg5 dxc4 5. e4 Bg4 6. Qc2 e6 7. e5 Be7 8.
exf6 gxf6 9. Bh6 Nd7 10. Bxc4 c5 11. d5 e5 12. Nge2 f5 13. O-O f4 14. h3 Bh5
15. Nc1 Bg6 16. Bd3 f5 17. Bxf5 Bxf5 18. Qxf5 Nf6 19. Nd3 c4 20. Nxe5 Nxd5
21. Qf7# {Black checkmated} 1-0

[Event "ICC Open 2015"]
[Site "Internet Chess Club"]
[Date "2015.05.29"]
[Round "7"]
[White "Supermodel"]
[Black "Pancake"]
[Result "1-0"]
[ICCResult "Black resigns"]
[WhiteElo "2220"]
[BlackElo "1749"]
[Opening "QGD semi-Slav: Stoltz variation"]
[ECO "D45"]
[NIC "SL.08"]
[Time "20:37:59"]
[TimeControl "180+0"]

1. d4 d5 2. c4 c6 3. Nc3 Nf6 4. e3 e6 5. Nf3 Nbd7 6. Qc2 Bd6 7. b3 O-O 8.
Bb2 e5 9. Be2 e4 10. Nd2 Re8 11. cxd5 cxd5 12. g4 Qa5 13. g5 {Black resigns}
1-0

[Event "ICC Open 2015"]
[Site "Internet Chess Club"]
[Date "2015.05.29"]
[Round "7"]
[White "bengalla2001"]
[Black "Ernie1"]
[Result "1-0"]
[ICCResult "Black resigns"]
[WhiteElo "1338"]
[BlackElo "1339"]
[Opening "QGD Slav defense"]
[ECO "D10"]
[NIC "SL.01"]
[Time "20:38:12"]
[TimeControl "180+0"]

1. d4 c6 2. c4 d5 3. g3 Nf6 4. Qc2 g6 5. Nf3 Bf5 6. Qb3 Qb6 7. Nbd2 Bg7 8.
Bg2 Nbd7 9. O-O Be6 10. c5 Qc7 11. Re1 O-O 12. Qc2 b6 13. cxb6 axb6 14. a3
b5 15. e4 Nxe4 16. Nxe4 dxe4 17. Qxe4 Nf6 18. Qc2 Rfd8 19. Bf4 Nd5 20. Bxc7
{Black resigns}
1-0

[Event "ICC Open 2015"]
[Site "Internet Chess Club"]
[Date "2015.05.29"]
[Round "7"]
[White "PADILLON2189"]
[Black "Chisel"]
[Result "1-0"]
[ICCResult "Black resigns"]
[WhiteElo "2035"]
[BlackElo "1760"]
[Opening "Queen's pawn: Charlick (Englund) gambit"]
[ECO "A40"]
[NIC "QO.17"]
[Time "20:37:09"]
[TimeControl "180+0"]

1. d4 e5 2. dxe5 d6 3. exd6 Bxd6 4. Nf3 Nf6 5. g3 O-O 6. Bg2 Re8 7. O-O Nc6
8. c4 Bg4 9. Nc3 Qe7 10. Bg5 h6 11. Nd5 Qe6 12. Bxf6 gxf6 13. Re1 Rad8 14.
Qa4 Ne5 15. Nd4 Qc8 16. Nxf6+ Kg7 17. Nxe8+ Rxe8 18. f4 Bc5 19. e3 Ng6 20.
Kh1 Bh3 21. Bxh3 Qxh3 22. Qxe8 Nh4 23. gxh4 Bxd4 24. Rg1+ Kf6 25. exd4
{Black resigns}
1-0

[Event "ICC Open 2015"]
[Site "Internet Chess Club"]
[Date "2015.05.29"]
[Round "7"]
[White "darthvader"]
[Black "vincentparagas"]
[Result "0-1"]
[ICCResult "White checkmated"]
[WhiteElo "1874"]
[BlackElo "1615"]
[Opening "Queen's pawn game"]
[ECO "D02"]
[NIC "QP.08"]
[Time "20:37:13"]
[TimeControl "180+0"]

1. d4 d5 2. Nf3 c6 3. e3 Qb6 4. c4 Nf6 5. Nc3 Bf5 6. Be2 e6 7. O-O Nbd7 8.
b3 Be7 9. Bb2 O-O 10. Ne5 Rad8 11. f4 Bb4 12. Rc1 Ne4 13. Nxe4 Bxe4 14. a3
Bd6 15. c5 Bxc5 16. dxc5 Nxc5 17. b4 Nd7 18. Bd3 Qxe3+ 19. Kh1 Nxe5 20. Bxe4
dxe4 21. Qh5 Nd3 22. Bxg7 Nf2+ 23. Kg1 Nh3+ 24. Kh1 Qg1+ 25. Rxg1 Nf2#
{White checkmated}
0-1

[Event "ICC Open 2015"]
[Site "Internet Chess Club"]
[Date "2015.05.29"]
[Round "7"]
[White "NAS"]
[Black "Spirals"]
[Result "0-1"]
[ICCResult "White resigns"]
[WhiteElo "1779"]
[BlackElo "2113"]
[Opening "Sicilian: Najdorf, Byrne (English) attack"]
[ECO "B90"]
[NIC "SI.14"]
[Time "20:37:26"]
[TimeControl "180+0"]

1. e4 c5 2. Nf3 d6 3. d4 cxd4 4. Nxd4 Nf6 5. Nc3 a6 6. Be3 e5 7. Nb3 Be6 8.
f3 h5 9. Qd2 Nbd7 10. O-O-O Be7 11. Be2 b5 12. h3 h4 13. Nd5 Nxd5 14. exd5
Bf5 15. f4 Rc8 16. Bd3 Bxd3 17. Qxd3 O-O 18. f5 Bf6 19. Bf2 Qc7 20. g4 hxg3
21. Bxg3 e4 22. Qe2 Rfe8 23. Rhg1 Nb6 24. Rg2 Nc4 25. Nd4 Nxb2 26. Qg4 Nxd1
27. Bh4 Ne3 28. Ne6 Nxg4 29. Nxc7 Rxc7 {White resigns} 0-1

[Event "ICC Open 2015"]
[Site "Internet Chess Club"]
[Date "2015.05.29"]
[Round "7"]
[White "mmf00"]
[Black "LeGoat"]
[Result "1-0"]
[ICCResult "Black resigns"]
[WhiteElo "1907"]
[BlackElo "1626"]
[Opening "Réti: King's Indian attack"]
[ECO "A05"]
[NIC "QP.11"]
[Time "20:37:31"]
[TimeControl "180+0"]

1. Nf3 Nf6 2. g3 g6 3. b3 Bg7 4. Bb2 O-O 5. Bg2 d6 6. d4 Nbd7 7. O-O Re8 8.
Nbd2 e5 9. e4 exd4 10. Nxd4 Nc5 11. Re1 Bg4 12. f3 Bd7 13. Nc4 b5 14. Ne3 a5
15. a3 d5 16. Nxd5 Nxd5 17. exd5 Qg5 18. f4 Qg4 {Black resigns} 1-0

[Event "ICC Open 2015"]
[Site "Internet Chess Club"]
[Date "2015.05.29"]
[Round "7"]
[White "fearlessone"]
[Black "KVR"]
[Result "0-1"]
[ICCResult "White checkmated"]
[WhiteElo "1680"]
[BlackElo "1379"]
[Opening "Van't Kruijs opening"]
[ECO "A00"]
[Time "20:37:13"]
[TimeControl "180+0"]

1. e3 g6 2. Ne2 Bg7 3. d3 d6 4. Nd2 e6 5. g3 Ne7 6. Bg2 Nbc6 7. O-O b6 8. a3
Bb7 9. Rb1 Qd7 10. b3 O-O-O 11. Bb2 Bxb2 12. Rxb2 d5 13. c4 dxc4 14. dxc4
Kb8 15. Qc1 Nf5 16. Rd1 Qc8 17. Nc3 Ne5 18. e4 Nd3 19. Qb1 Nxb2 20. Qxb2 Nd4
21. b4 f5 22. c5 fxe4 23. Ndxe4 Bxe4 24. Nxe4 e5 25. cxb6 axb6 26. Rc1 Qf5
27. Qc3 Ne2+ 28. Kh1 Nxc3 29. Nxc3 Rd3 30. Nb5 Rhd8 31. Nxc7 Rd1+ 32. Rxd1
Rxd1+ 33. Bf1 Rxf1+ 34. Kg2 Rxf2+ 35. Kg1 Kxc7 36. b5 Rf1+ 37. Kg2 Qf2+ 38.
Kh3 Rh1 39. Kg4 Qxh2 40. a4 Rg1 41. Kg5 Rxg3+ 42. Kf6 Qf2+ 43. Kg7 h5 44. a5
bxa5 45. b6+ Kxb6 46. Kh6 Qf3 47. Kg7 e4 48. Kh6 e3 49. Kg7 e2 50. Kh6 e1=Q
51. Kg7 Qe7+ 52. Kh6 Qf4# {White checkmated} 0-1

[Event "ICC Open 2015"]
[Site "Internet Chess Club"]
[Date "2015.05.29"]
[Round "7"]
[White "ALexiz"]
[Black "Discoverchess"]
[Result "0-1"]
[ICCResult "White resigns"]
[WhiteElo "1808"]
[BlackElo "2435"]
[Opening "Benkö gambit accepted"]
[ECO "A58"]
[NIC "BI.45"]
[Time "20:38:03"]
[TimeControl "180+0"]

1. d4 Nf6 2. c4 c5 3. d5 b5 4. cxb5 a6 5. bxa6 g6 6. Nc3 Bg7 7. e4 O-O 8.
Nf3 Qa5 9. Bd2 Bxa6 10. Be2 e6 11. O-O Bxe2 12. Qxe2 Qa6 13. Qxa6 Nxa6 14.
Rfd1 exd5 15. exd5 Nb4 16. Be3 d6 17. Bf4 Ra6 18. a3 Rfa8 19. Rac1 Nh5 20.
axb4 Nxf4 21. bxc5 Bxc3 22. Rxc3 Ne2+ 23. Kf1 Nxc3 24. bxc3 dxc5 25. c4 Ra4
26. Nd2 Ra2 27. Ke2 Re8+ 28. Kd3 Ra3+ 29. Kc2 Re2 30. d6 Kf8 31. Kb2 Rd3 32.
Kc2 Rxd6 {White resigns} 0-1

[Event "ICC Open 2015"]
[Site "Internet Chess Club"]
[Date "2015.05.29"]
[Round "7"]
[White "garompon"]
[Black "BehindBluEyes"]
[Result "1-0"]
[ICCResult "Black resigns"]
[WhiteElo "2564"]
[BlackElo "2268"]
[Opening "French: Tarrasch, closed variation"]
[ECO "C05"]
[NIC "FR.17"]
[Time "20:38:14"]
[TimeControl "180+0"]

1. e4 e6 2. d4 d5 3. Nd2 Nf6 4. e5 Nfd7 5. Bd3 c5 6. c3 Nc6 7. Ngf3 cxd4 8.
cxd4 f6 9. Ng5 Ndxe5 10. dxe5 Nxe5 11. Bb5+ Ke7 12. Ngf3 Nc6 13. O-O Kf7 14.
Nb3 Bd6 15. h3 Rf8 16. Be3 Kg8 17. Bc5 Qe7 18. Bxd6 Qxd6 19. Bxc6 bxc6 20.
Qd4 e5 21. Qc5 Qe6 22. Rac1 Bd7 23. Rfe1 Rac8 24. Qxa7 Rf7 25. Nc5 Qd6 26.
Nxd7 Rxd7 27. Qc5 Qe6 28. b4 Qf5 29. b5 Rdc7 30. bxc6 h5 31. Qxd5+
{Black resigns}
1-0

[Event "ICC Open 2015"]
[Site "Internet Chess Club"]
[Date "2015.05.29"]
[Round "7"]
[White "Womacka"]
[Black "HematiteBrown"]
[Result "1-0"]
[ICCResult "Black resigns"]
[WhiteElo "2419"]
[BlackElo "2172"]
[Opening "Sicilian: Scheveningen (Paulsen), classical variation"]
[ECO "B84"]
[NIC "SI.23"]
[Time "20:38:00"]
[TimeControl "180+0"]

1. e4 c5 2. Nf3 d6 3. d4 cxd4 4. Nxd4 Nf6 5. Nc3 a6 6. Be2 e6 7. O-O Be7 8.
f4 Qc7 9. a4 Nc6 10. Be3 O-O 11. Kh1 Rb8 12. Bd3 Nxd4 13. Bxd4 e5 14. Be3
exf4 15. Rxf4 Be6 16. Nd5 Bxd5 17. exd5 b5 18. axb5 axb5 19. Bd4 Qb7 20. Ra7
Qxd5 21. Rxe7 Qg5 22. Rf5 Qh4 23. Bxf6 {Black resigns} 1-0